 Dungeon Crawl Stone Soup version 0.29-a0-397-g846e4a0bbc (webtiles) character file.

Game seed: 16695762529230716913

33 Bruhh the Ruffian (level 3, -2/28 HPs)
             Began as a Draconian Transmuter on May 11, 2022.
             Killed from afar by Natasha (8 damage)
             ... with a magic dart
             ... on level 2 of the Dungeon.
             The game lasted 00:01:26 (1470 turns).

Bruhh the Ruffian (Draconian Transmuter)            Turns: 1470, Time: 00:01:27

Health: -2/28      AC:  5    Str: 12    XL:     3   Next: 12%
Magic:  6/6        EV: 12    Int: 15    God:
Gold:   32         SH:  0    Dex: 11    Spells: 5/6 levels left

rFire   . . .      SeeInvis .     - Unarmed
rCold   . . .      Faith    .   (no shield)
rNeg    . . .      Spirit   .   (body armour unavailable)
rPois   .          Reflect  .   (helmet restricted)
rElec   .          Harm     .   (no cloak)
rCorr   .          Rampage  .   (no gloves)
Will    .....                   (no boots)
Stlth   +.........              (no amulet)
HPRegen 0.09/turn               (no ring)
MPRegen 0.10/turn               (no ring)

@: no status effects
A: AC +5, unfitting armour, cold-blooded
a: no special abilities


You were on level 2 of the Dungeon.
You visited 1 branch of the dungeon, and saw 2 of its levels.

You collected 32 gold pieces.

Inventory:

Scrolls
 b - a scroll of poison {unknown}
 c - 2 scrolls of vulnerability {unknown}
 d - 3 scrolls of noise {unknown}
 e - a scroll of identify {unknown}
 f - a scroll of fog {unknown}
 h - a scroll of immolation {unknown}
Potions
 a - a potion of lignification
 g - a potion of haste {unknown}


   Skills:
 - Level 1.1 Fighting
 - Level 1.7 Dodging
 + Level 4.3 Unarmed Combat
 - Level 2.0 Spellcasting
 - Level 2.0 Transmutations


You had 5 spell levels left.
You knew the following spells:

 Your Spells              Type           Power      Damage    Failure   Level
a - Beastly Appendage     Tmut           14%        N/A       10%         1

Your spell library contained the following spells:

 Spells                   Type           Power      Damage    Failure   Level
 Wereblood                Tmut           7%         N/A       14%         2
 Blink                    Tloc           2%         N/A       32%         2
 Spider Form              Tmut/Pois      4%         N/A       41%         3
 Ice Form                 Ice/Tmut       4%         N/A       82%         4
 Fulminant Prism          Conj/Hex       0%         3d6       91%         4
 Irradiate                Conj/Tmut      2%         3d14      99%         5
 Manifold Assault         Tloc           1%         N/A       99%         5
 Storm Form               Tmut/Air       2%         N/A       100%        7


Dungeon Overview and Level Annotations

Branches:
Dungeon (2/15)

Altars:

Shops:
D:1 !!(*

Annotations:
D:2 Natasha


Innate Abilities, Weirdness & Mutations

Your plain brown scales are hard. (AC +5)
You cannot fit into any form of body armour.
You are cold-blooded and may be slowed by cold attacks.


Message History

You are frozen.
The quokka bites you but does no damage.
You barely miss the quokka.
The quokka is heavily wounded.
The quokka closely misses you.
The endoplasm hits you but does no damage.
You hit the quokka.
You kill the quokka!
The endoplasm closely misses you.
You hit Natasha.
Natasha is moderately wounded.
Natasha claws you but does no damage. The endoplasm freezes you.
You are frozen.
You feel yourself slow down.
You hit Natasha but do no damage.
Your tail-slap misses Natasha.
Natasha is moderately wounded.
You feel yourself speed up. Natasha claws you. The endoplasm freezes you.
You are frozen.
You hit Natasha.
Natasha is heavily wounded.
Natasha claws you. The endoplasm freezes you.
You are frozen.
You are too injured to fight recklessly!
You are too injured to fight recklessly!
Okay, then.
You barely miss Natasha.
Natasha is heavily wounded.
Natasha claws you!
* * * LOW HITPOINT WARNING * * *
The endoplasm hits you.
* * * LOW HITPOINT WARNING * * *
It was a potion of magic.
Magic courses through your body.
Natasha howls an incantation.
You feel disoriented. Natasha casts a spell at you. The magic dart hits you!
You die...

####### .......
....... ....... #
....... . ....... .
.......## . #..h### #
#..#J@.#
#...####.#### #.#
#.......# #.# #
#.......####. ##
#.##..###............
..
................####
# #.##.###..).....#
#.##.# ########.# ###
#.##.# #..#


You could see Natasha and an endoplasm.

Vanquished Creatures
  A worm (D:2)
  2 dart slugs
  5 bats
  3 endoplasms
  3 goblins
  A hobgoblin (D:1)
  A jackal (D:1)
  3 kobolds (D:1)
  A quokka (D:2)
  A ball python (D:2)
  3 rats
24 creatures vanquished.

Notes
Turn   | Place    | Note
-------+----------+-------------------------------------------
     0 | D:1      | Bruhh the Draconian Transmuter began the quest for the Orb.
     0 | D:1      | Reached XP level 1. HP: 16/16 MP: 3/3
   216 | D:1      | Found Ydesuejo's Distillery.
   342 | D:1      | Got the Almanac of Conjuration
   369 | D:1      | Found Pageu's Weapon Emporium.
   373 | D:1      | Reached XP level 2. HP: 23/23 MP: 5/5
   514 | D:1      | Found Xashrunasm's Distillery.
   898 | D:1      | Found a faded altar of an unknown god.
  1046 | D:1      | Found Honesaf's Assorted Antiques.
  1116 | D:2      | Reached skill level 4 in Unarmed Combat
  1287 | D:2      | Reached XP level 3. HP: 20/28 MP: 6/6
  1454 | D:2      | Noticed Natasha
  1470 | D:2      | Killed from afar by Natasha

Illustrated notes

Levels and vault maps discovered:
D:1:      matt_arrival_refuge, layout_loops_corners,
          hellmonk_ecumenical_altar_run_dry, serial_shops,
          nicolae_lakefront_shop, shop, shop, shop, st_stairs_5
D:2:      layout_rooms, basic_altar, uniq_natasha

Skill      XL: |  1  2 |
---------------+-------+-----
Unarmed Combat | 4 |  4.3
Fighting       | |  1.1
Dodging        | |  1.7
Spellcasting   | |  2.0
Transmutations | |  2.0

Action                   || total
-------------------------++-------
Melee: Unarmed           ||    97
       Tailslap          ||    12
       Punch             ||     3
  Use: Potion            ||     1
Armor: Skin              ||    29
Dodge: Dodged            ||    75

Table legend: (Time is in decaauts)
 A = Elapsed time spent in this place.
 B = Non-inter-level travel time spent in this place.
 C = Inter-level travel time spent in this place.
 D = Time resting spent in this place.
 E = Time spent auto-exploring this place.
 F = Levels seen in this place.
 G = Mean time per level.
                   A        B        C        D        E       F      G
               +--------+--------+--------+--------+--------+-----+--------+
         Total |   1465 |   1426 |     39 |      0 |   1238 |   2 |  732.5 |
       Dungeon |   1465 |   1426 |     39 |      0 |   1238 |   2 |  732.5 |
               +--------+--------+--------+--------+--------+-----+--------+

Top non-repeatable levels by time:
     D:1: 1095 daAuts
     D:2: 370 daAuts
